 Dungeon Crawl Stone Soup version 0.23.2-33-g5129a83184 (webtiles) character file.

Game seed: 17713714962474069101

162 icckedyourdad the Ruffian (level 5, 0/78 HPs)
             Began as a Troll Monk on July 13, 2019.
             Slain by an orc
             ... wielding a +0 club
              (2 damage)
             ... on level 4 of the Dungeon.
             The game lasted 00:01:07 (760 turns).

icckedyourdad the Ruffian (Troll Monk)               Turns: 760, Time: 00:01:08

Health: 0/78       AC:  6    Str: 24    XL:     5   Next: 19%
Magic:  4/4        EV: 14    Int:  7    God:
Gold:   0          SH:  0    Dex: 17    Spells: 4/4 levels left

rFire    . . .     SeeInvis .     - Unarmed
rCold    . . .     Gourm    +   (no shield)
rNeg     . . .     Faith    .   a - +0 robe
rPois    .         Spirit   .   (helmet restricted)
rElec    .         Reflect  .   (no cloak)
rCorr    .         Harm     .   (gloves unavailable)
MR       .....                  (boots unavailable)
Stlth    ..........             (no amulet)
HPRegen  0.63/turn              g - -2 ring of evasion (curse)
MPRegen  0.09/turn              (no ring)

@: agile, berserking, lethally poisoned (0 -> -1), very quick
A: large, unfitting armour, claws 3, fast metabolism 3, gourmand, regeneration
1, shaggy fur 1, tough skin 3
a: no special abilities


You were on level 4 of the Dungeon.
You were very full.

You visited 1 branch of the dungeon, and saw 4 of its levels.

Inventory:

Armour
 a - a +0 robe (worn)
Jewellery
 g - a cursed -2 ring of evasion (left claw)
Scrolls
 f - 2 scrolls of remove curse {unknown}
Potions
 c - a potion of degeneration {unknown}
 d - a potion of agility
 e - a potion of berserk rage
 h - a potion of lignification {unknown}
Comestibles
 b - 3 rations


   Skills:
 - Level 2.8 Fighting
 - Level 3.0 Dodging
 - Level 1.1 Stealth
 * Level 5.1 Unarmed Combat


You had 4 spell levels left.
You didn't know any spells.
Your spell library was empty.

Dungeon Overview and Level Annotations

Branches:
Dungeon (4/15)
 Temple: D:4-7

Altars:
Cheibriados

Shops:
D:4 [


Innate Abilities, Weirdness & Mutations

You are too large for most types of armour.
You have claws for hands.
Your metabolism is lightning-fast.
You like to eat raw meat.
Your natural rate of healing is unusually fast.
You are covered in fur. (AC +1)
You have extremely tough skin. (AC +3)


Message History

You have reached level 5!
The gnoll hits you from afar with a +0 spear!
* * * LOW HITPOINT WARNING * * *
The orc hits you but does no damage. x2
It was a potion of agility.
You feel agile all of a sudden. The orc hits you but does no damage.
The gnoll closely misses you. The orc completely misses you.
It was a potion of berserk rage.
A red film seems to cover your vision as you go berserk!
You feel yourself moving faster!
You feel mighty!
You feel sick. The orc misses you. The orc barely misses you.
The gnoll barely misses you. The orc hits you with a +0 hand axe.
* * * LOW HITPOINT WARNING * * *
You closely miss the orc. The orc hits you but does no damage.
The orc barely misses you. The gnoll barely misses you.
You claw the orc!
You kill the orc!
You closely miss the orc. The orc misses you. The orc hits you with a +0 club.
You die...

#############
#..†@.g....$#
#..o)o..###.###
##...g#.8..∩..8.
#........###.##...
#..........o......
#.......####......
##....#.# ..#..
#....#.# .#
#....#.# #


You could see 2 gnolls and 2 orcs.

Vanquished Creatures
  A scorpion (D:4)
  Natasha (D:2)
  An orc wizard (D:4)
  2 gnolls
  An adder (D:2)
  A worm (D:2)
  2 dart slugs (D:2)
  A leopard gecko (D:3)
  An orc (D:4)
  A ball python (D:2)
  2 giant cockroaches
  3 goblins
  2 hobgoblins (D:2)
  3 jackals (D:1)
  A bat (D:1)
  A kobold (D:3)
  4 rats
28 creatures vanquished.

Notes
Turn   | Place    | Note
-------+----------+-------------------------------------------
     0 | D:1      | icckedyourdad the Troll Monk began the quest for the Orb.
     0 | D:1      | Reached XP level 1. HP: 22/22 MP: 0/0
   204 | D:2      | Reached XP level 2. HP: 29/29 MP: 1/1
   291 | D:2      | Noticed Natasha
   295 | D:2      | Killed Natasha
   295 | D:2      | Reached XP level 3. HP: 35/36 MP: 2/2
   355 | D:2      | Found a faded altar of an unknown god.
   403 | D:2      | Found a snail-covered altar of Cheibriados.
   475 | D:4      | Found Ythrit's Armour Shop.
   479 | D:4      | Noticed a scorpion
   484 | D:4      | Reached skill level 4 in Unarmed Combat
   484 | D:4      | Reached XP level 4. HP: 39/44 MP: 3/3
   755 | D:4      | Reached skill level 5 in Unarmed Combat
   755 | D:4      | Reached XP level 5. HP: 10/52 MP: 4/4
   755 | D:4      | HP: 1/52 [gnoll/+0 spear (10)]
   760 | D:4      | Slain by an orc

Skill      XL: |  1  2  3  4 |
---------------+-------------+-----
Dodging        | 3 |  3.0
Unarmed Combat | 4 5 |  5.1
Fighting       | |  2.8
Stealth        | |  1.1

Action                   |  1- 3 |  4- 6 || total
-------------------------+-------+-------++-------
Melee: Unarmed           |    56 |    15 ||    71
       Punch             |     1 |     2 ||     3
  Use: Potion            |       |     2 ||     2
 Stab: Sleeping          |     2 |       ||     2
  Eat: Chunk             |     9 |     3 ||    12
Armor: Robe              |    13 |    14 ||    27
Dodge: Dodged            |    26 |    18 ||    44
